AoeStats
← BigDog

Arena

510384461Analyzed
1v1 RM · 1d ago on Sep 30, 2026· 66m 0s· 2 players
Game mode
Random Map
Map size
Tiny (2 player)
Population
200
Speed
Normal
Resources
Standard
Victory
Conquest
Starting age
Dark Age
Ending age
Imperial Age
RankedLock teamsTeams togetherTeam positionsShared explorationLock speedFull tech treeHidden civsTurbo modeCheats
Victory
Defeat
🇺🇦 Goths · Ukraine
700
+17
🇧🇷 Persians · Brazil
712
-17
BigDog
1:23 Loom
11:21 Feudal Age
12:07 Double-Bit Axe
12:03 Horse Collar
19:03 Castle Age
17:51 Stone Mining
22:55 Bow Saw
22:48 Heavy Plow
23:09 Squires
25:36 Forging
30:02 Wheelbarrow
32:29 Imperial Age
30:41 Town Watch
31:06 Anarchy
32:17 Iron Casting
31:43 Scale Mail Armor
31:35 Fletching
32:32 Pikeman
32:33 Man-at-Arms
34:20 Chain Mail Armor
35:06 Blast Furnace
34:40 Conscription
34:21 Perfusion
34:15 Capped Ram
34:30 Elite Skirmisher
36:00 Hand Cart
36:27 Town Patrol
37:38 Elite Huskarl
38:43 Halberdier
38:44 Long Swordsman
40:56 Ballistics
41:37 Chemistry
40:33 Murder Holes
40:45 Padded Archer Armor
40:41 Bodkin Arrow
40:23 Two-Handed Swordsman
41:25 Champion
henrique.villetti
8:17 Loom
10:30 Feudal Age
15:00 Castle Age
13:12 Horse Collar
13:18 Double-Bit Axe
19:09 Bow Saw
20:47 Heavy Plow
20:41 Gold Mining
21:16 Stone Mining
26:58 Wheelbarrow
29:18 Imperial Age
27:21 Thumb Ring
26:38 Crossbowman
28:41 Gold Shaft Mining
28:44 Hand Cart
28:34 Fletching
28:45 Padded Archer Armor
30:44 Chemistry
30:04 Ballistics
31:07 Two-Man Saw
30:40 Crop Rotation
30:52 Kamandaran
32:03 Bloodlines
31:54 Husbandry
32:01 Bodkin Arrow
33:34 Leather Archer Armor
33:39 Murder Holes
33:56 Masonry
33:17 Light Cavalry
35:24 Conscription
34:34 Hussar
38:11 Ring Archer Armor
37:52 Forging
37:48 Scale Barding Armor
40:24 Iron Casting
42:15 Town Watch
42:38 Cavalier
45:29 Blast Furnace
44:50 Chain Barding Armor
44:04 Savar
Connection lost

Rejoining the realm…

Still unreachable

The connection could not be restored.

Session expired

The server has moved on; the page needs a fresh start.